AoeStats
← Wolfaroth

Arena

505345686Analyzed
2v2 RM · 24d ago on Sep 9, 2026· 66m 41s· 4 players
Game mode
Random Map
Map size
Medium (4 player)
Population
200
Speed
Normal
Resources
Standard
Victory
Conquest
Starting age
Dark Age
Ending age
Imperial Age
RankedLock teamsTeams togetherTeam positionsShared explorationLock speedFull tech treeHidden civsTurbo modeCheats
Victory
Defeat
🇬🇷 Franks · Greece
772
+15
🇬🇷 Poles · Greece
767
+15
🇪🇨 Malay · Ecuador
749
-15
🇪🇨 Persians · Ecuador
743
-15
jorgevasquezpalacios
0:35 Loom
11:28 Feudal Age
15:48 Castle Age
15:00 Horse Collar
24:05 Double-Bit Axe
26:15 Bow Saw
28:10 Wheelbarrow
29:28 Padded Archer Armor
29:19 Fletching
29:29 Scale Mail Armor
30:50 Gold Mining
30:51 Stone Mining
31:58 Hand Cart
31:30 Town Watch
31:44 Pikeman
33:56 Masonry
33:53 Siphons
33:41 Heated Shot
35:45 Kamandaran
38:38 Imperial Age
35:53 Elite Skirmisher
39:59 Chemistry
38:50 Guard Tower
40:46 Forging
40:51 Chain Mail Armor
40:43 Scale Barding Armor
40:54 Leather Archer Armor
40:35 Bodkin Arrow
42:15 Halberdier
42:57 Squires
44:42 Iron Casting
44:37 Plate Mail Armor
44:29 Chain Barding Armor
45:31 Two-Man Saw
51:28 Thumb Ring
50:44 Crossbowman
53:47 Blast Furnace
53:18 Ring Archer Armor
53:24 Plate Barding Armor
53:23 Architecture
53:14 Ballistics
52:50 Murder Holes
53:08 Incendiaries
pocho060
0:26 Loom
12:29 Feudal Age
18:19 Castle Age
16:53 Double-Bit Axe
17:38 Horse Collar
19:02 Forging
19:20 Heavy Plow
25:07 Bow Saw
25:57 Pikeman
27:20 Gold Mining
27:19 Town Watch
28:04 Squires
31:09 Crossbowman
32:28 Elite Skirmisher
34:11 Thumb Ring
38:18 Fletching
38:29 Padded Archer Armor
38:56 Ballistics
38:28 Heated Shot
40:00 Bodkin Arrow
40:21 Leather Archer Armor
44:32 Imperial Age
44:21 Iron Casting
44:38 Conscription
45:55 Chemistry
48:59 Treadmill Crane
50:51 Wheelbarrow
50:18 Town Patrol
50:50 Bracer
51:21 Ring Archer Armor
54:03 Arbalester
Wolfaroth
10:48 Feudal Age
15:58 Castle Age
15:14 Double-Bit Axe
15:12 Horse Collar
16:14 Stone Mining
17:39 Bow Saw
18:30 Heavy Plow
32:11 Imperial Age
31:40 Forging
31:30 Scale Mail Armor
31:36 Scale Barding Armor
33:04 Squires
32:24 Pikeman
33:06 Padded Archer Armor
35:06 Conscription
35:33 Bloodlines
34:43 Light Cavalry
35:40 Elite Skirmisher
37:13 Fletching
37:24 Padded Archer Armor
37:23 Gold Mining
38:11 Wheelbarrow
37:21 Loom
37:22 Town Watch
39:05 Bodkin Arrow
39:25 Leather Archer Armor
40:22 Szlachta Privileges
41:03 Winged Hussar
41:43 Husbandry
42:20 Bracer
42:41 Chain Barding Armor
43:03 Fortified Wall
43:18 Ballistics
44:00 Chemistry
45:13 Chain Mail Armor
45:34 Iron Casting
44:30 Elite Obuch
46:50 Lechitic Legacy
55:06 Cavalier
59:19 Blast Furnace
58:49 Plate Mail Armor
peritrikala
0:31 Loom
12:54 Feudal Age
18:48 Castle Age
18:10 Double-Bit Axe
19:08 Wheelbarrow
20:15 Fletching
23:00 Hand Cart
24:10 Squires
25:11 Bow Saw
32:58 Fortified Wall
32:36 Pikeman
33:02 Arson
37:09 Imperial Age
34:47 Gold Mining
35:14 Scale Mail Armor
35:25 Forging
35:23 Scale Barding Armor
37:22 #83
37:42 Gold Shaft Mining
37:26 Stone Mining
41:40 Conscription
41:55 Hoardings
41:43 Caravan
43:35 Chain Barding Armor
43:21 Husbandry
44:10 Town Watch
45:01 Plate Barding Armor
44:48 Cavalier
46:47 Halberdier
48:05 Iron Casting
47:45 Chain Mail Armor
50:29 Blast Furnace
49:24 Bodkin Arrow
49:30 Padded Archer Armor
49:57 Herbal Medicine
50:49 Plate Mail Armor
51:39 Paladin
53:10 Town Patrol
53:27 Light Cavalry
54:01 Elite Throwing Axeman
54:11 Heavy Scorpion
55:22 Ballistics
56:03 Chemistry
54:59 Murder Holes
55:15 Masonry
56:30 Siege Engineers
56:36 Chivalry
60:47 Leather Archer Armor
66:51 Guard Tower
67:32 Architecture
67:12 Careening
66:56 Gambesons
66:31 Man-at-Arms
Connection lost

Rejoining the realm…

Still unreachable

The connection could not be restored.

Session expired

The server has moved on; the page needs a fresh start.